 Dungeon Crawl Stone Soup version 0.26-b1-32-g5d43845318 (webtiles) character file.

Game seed: 1273635160794441762

11708 Arum the Fighter (level 12, -8/102 HPs)
             Began as a Formicid Fighter on Jan 7, 2021.
             Was a High Priest of the Shining One.
             Mangled by a red ugly thing (11 damage)
             ... on level 11 of the Dungeon.
             The game lasted 00:17:59 (10363 turns).

Arum the Fighter (Formicid Fighter)                Turns: 10363, Time: 00:17:59

Health: -8/102     AC: 16    Str: 25    XL:     12   Next: 11%
Magic:  12/12      EV: 10    Int: 10    God:    the Shining One [*****.]
Gold:   269        SH: 17    Dex: 11    Spells: 11/11 levels left

rFire    + . .     SeeInvis +   y - +4 flail (holy)
rCold    + . .     Faith    .   c - +0 kite shield
rNeg     + + .     Spirit   .   b - +0 scale mail
rPois    +         Reflect  +   (helmet unavailable)
rElec    +         Harm     .   h - +0 cloak
rCorr    +         Rampage  .   E - +0 pair of gloves
Will     +....     Clarity  +   q - +0 pair of boots
Stlth    ..........             i - amulet of reflection
HPRegen  0.27/turn              F - ring "Ydirad" {AC+4 Slay+3}
MPRegen  0.13/turn              (no ring)

@: mighty, resistant, glowing
A: permanent stasis, dig shafts and tunnels, four strong arms, antennae 3,
clarity, strong 1
a: Dig, Shaft Self, Renounce Religion, Divine Shield, Cleansing Flame, Summon
Divine Warrior


You were on level 11 of the Dungeon.
You worshipped the Shining One.
The Shining One was extremely pleased with you.
You visited 1 branch of the dungeon, and saw 11 of its levels.
You also visited: Ossuary.

You collected 880 gold pieces.
You spent 611 gold pieces at shops.

Inventory:

Hand Weapons
 u - the +0 whip "Ybeykufu" {vorpal, Dex+4}
   (You took it off an orc on level 4 of the Dungeon)

   It inflicts extra damage upon your enemies.
   It affects your dexterity (+4).
 y - a +4 flail of holy wrath (weapon)
Armour
 b - a +0 scale mail (worn)
 c - a +0 kite shield (worn)
 h - a +0 cloak (worn)
 q - a +0 pair of boots (worn)
 z - a scarf of invisibility
 B - +0 steam dragon scales
 E - a +0 pair of gloves (worn)
Jewellery
 i - an amulet of reflection (around neck)
 l - an uncursed ring of ice
 A - an uncursed amulet of regeneration
 C - an uncursed ring of fire
 F - the ring "Ydirad" (left hand) {AC+4 Slay+3}
   (You bought it in a shop on level 6 of the Dungeon)

   [ring of protection]

   It affects your AC (+4).
   It affects your accuracy and damage with ranged weapons and melee attacks
   (+3).
Wands
 k - a wand of iceblast (17)
 G - a wand of polymorph (8)
Scrolls
 a - a scroll of acquirement {unknown}
 f - 4 scrolls of remove curse
 g - 3 scrolls of identify
 m - 5 scrolls of enchant armour
 p - 3 scrolls of enchant weapon
 s - 2 scrolls of fear
 t - a scroll of magic mapping {unknown}
 x - 6 scrolls of blinking {unknown}
Potions
 d - 2 potions of might
 e - a potion of brilliance
 j - 3 potions of curing
 n - 2 potions of attraction
 o - a potion of mutation
 r - a potion of resistance
 v - 2 potions of magic
 w - a potion of heal wounds {unknown}
 D - a potion of flight {unknown}


   Skills:
 + Level 12.1 Fighting
 + Level 10.2(10.6) Maces & Flails
 - Level 4.1(7.8) Staves
 + Level 9.1 Armour
 - Level 9.0 Shields


You had 11 spell levels left.
You didn't know any spells.
Your spell library contained the following spells:

 Spells                   Type           Power        Failure   Level
 Sandblast                Erth           0%           61%         1
 Passwall                 Tmut/Erth      0%           75%         2
 Stone Arrow              Conj/Erth      0%           93%         3
 Petrify                  Tmut/Erth      0%           100%        4
 Lee's Rapid Deconstruct  Erth           0%           100%        5


Dungeon Overview and Level Annotations

Branches:
Dungeon (11/15)            Temple (0/1) D:5            Lair (0/6) D:10
    Orc (0/2) D:10        Ossuary (visited)

Altars:
Ashenzari
Dithmenos
Elyvilon
Fedhas
Gozag
Hepliaklqana
Kikubaaqudgha
Okawaru
Qazlal
Sif Muna
Trog
Uskayaw
Vehumet
Xom
The Shining One

Shops:
D:6 =   D:9 =


Innate Abilities, Weirdness & Mutations

You cannot be hasted, slowed, berserked, paralysed or teleported.
You can dig through walls and to a lower floor.
Your four strong arms can wield two-handed weapons with a shield.
You have a pair of large antennae on your head. (SInv)
You possess an exceptional clarity of mind.
Your muscles are strong. (Str +2)


Message History

The red ugly thing is lightly wounded.
The red ugly thing headbutts you.
* * * LOW HITPOINT WARNING * * *
You are engulfed in flames.
You resist.
* * * LOW HITPOINT WARNING * * *
Unknown command.
You feel better. You block the red ugly thing's attack.
You feel better. You block the red ugly thing's attack.
You barely miss the red ugly thing.
The red ugly thing is lightly wounded.
The red ugly thing headbutts you.
* * * LOW HITPOINT WARNING * * *
You are engulfed in flames!
You resist.
* * * LOW HITPOINT WARNING * * *
You bludgeon the red ugly thing!!
The red ugly thing is severely wounded.
The red ugly thing headbutts you!
* * * LOW HITPOINT WARNING * * *
You are engulfed in flames!
You resist.
You die...

............##......... .#
.....<................##.#
............†............#
......................... #
...............#...........
..............##.)....##...
..............###KK........
...^..[........##u#{.......
............###@#{.K...K..
............####u...{.F..
....#.#...#..##.......K..
....#######..............
... #.......#.....##.
(....###.......... #....
#..........# ...#.#
..##...###.# ..... ...#
.....


You could see a red ugly thing, a big kobold and a kobold.

Vanquished Creatures
  5 skeletal warriors (D:10)
  A manticore (D:11)
  2 ugly things
  A centaur skeleton (D:10)
  The ghost of skk the Slasher, a novice TeGl (D:5)
  A hornet (D:8)
  A wyvern (D:11)
  Sigmund (D:5)
  5 yaks (D:10)
  A steam dragon (D:8)
  Menkaure (D:7)
  5 water moccasins
  2 ice beasts
  An eye of draining (D:10)
  7 black bears
  4 orc warriors
  2 necrophages
  4 ogres
  3 centaurs
  7 bullfrogs
  A wyvern zombie (D:10)
  6 scorpions
  8 killer bees (D:10)
  2 howler monkeys
  6 wights
  2 bullfrog zombies
  4 quasits
  5 centaur zombies
  11 orc priests
  6 hounds
  11 orc wizards
  A jelly (D:8)
  An iguana (D:7)
  Ijyb (D:2)
  5 worker ants
  2 mummies (Ossuary)
  2 worker ant zombies
  11 adders
  7 gnolls
  2 shadow imps
  A white imp (D:3)
  An ufetubus (D:8)
  An ooze (D:5)
  4 adder skeletons
  3 adder zombies (Ossuary)
  4 worms
  6 dart slugs
  4 leopard geckos
  52 orcs
  A ball python (D:6)
  5 bats
  9 giant cockroaches
  16 goblins
  8 hobgoblins
  7 jackals
  4 quokkas
  11 frilled lizards
  A giant cockroach zombie (D:5)
  2 goblin zombies (Ossuary)
  10 hobgoblin zombies (Ossuary)
  A jackal zombie (Ossuary)
  8 kobolds
  11 kobold zombies (Ossuary)
  5 orc zombies (Ossuary)
  9 rats
  2 rat zombies (Ossuary)
335 creatures vanquished.

Vanquished Creatures (others)
  32 fungi (D:10)
  30 plants (D:10)
62 creatures vanquished.

Grand Total: 397 creatures vanquished

Notes
Turn   | Place    | Note
-------+----------+-------------------------------------------
     0 | D:1      | Arum the Formicid Fighter began the quest for the Orb.
     0 | D:1      | Reached XP level 1. HP: 18/18 MP: 1/1
   112 | D:1      | Reached XP level 2. HP: 24/24 MP: 2/2
   205 | D:1      | Reached XP level 3. HP: 26/29 MP: 3/3
  1072 | D:2      | Reached XP level 4. HP: 37/37 MP: 4/4
  1115 | D:2      | Noticed Ijyb
  1143 | D:2      | Killed Ijyb
  1150 | D:2      | Reached skill level 4 in Fighting
  1318 | D:2      | Reached XP level 5. HP: 42/42 MP: 5/5
  2757 | D:3      | Reached XP level 6. HP: 49/49 MP: 6/6
  2909 | D:4      | Noticed an ogre
  2975 | D:4      | Found a white marble altar of Elyvilon.
  3003 | D:4      | Gained mutation: You possess an exceptional clarity of
                  | mind. [potion of mutation]
  3003 | D:4      | Gained mutation: Your muscles are strong. (Str +2) [potion
                  | of mutation]
  3008 | D:4      | Reached skill level 5 in Shields
  3342 | D:4      | Found a broken altar of Ashenzari.
  3363 | D:4      | Reached XP level 7. HP: 55/55 MP: 7/7
  3396 | D:3      | Reached skill level 5 in Fighting
  3449 | D:3      | Reached skill level 5 in Armour
  3707 | D:4      | Identified the +0 whip "Ybeykufu" {vorpal, Dex+4}
  4056 | D:4      | Reached skill level 1 in Maces & Flails
  4224 | D:5      | Entered Level 5 of the Dungeon
  4268 | D:5      | Found a glowing golden altar of the Shining One.
  4268 | D:5      | Found a hide-covered altar of Uskayaw.
  4270 | D:5      | Found a blossoming altar of Fedhas.
  4274 | D:5      | Found a shadowy altar of Dithmenos.
  4278 | D:5      | Found a shimmering blue altar of Sif Muna.
  4290 | D:5      | Became a worshipper of the Shining One
  4380 | D:5      | Noticed Sigmund
  4394 | D:5      | Killed Sigmund
  4395 | D:5      | Reached skill level 6 in Fighting
  4395 | D:5      | Reached XP level 8. HP: 57/64 MP: 8/8
  4500 | D:5      | Found a stormy altar of Qazlal.
  4668 | D:5      | Found a shimmering blue altar of Sif Muna.
  4789 | D:5      | Found a transporter.
  4792 | D:5      | Noticed skk's ghost (novice TeGl)
  4848 | D:5      | Found a staircase to the Ecumenical Temple.
  4918 | D:5      | Found a transporter.
  4956 | D:5      | Reached * piety under the Shining One
  5273 | D:5      | Killed skk's ghost
  5275 | D:5      | Reached skill level 7 in Fighting
  5279 | D:5      | Reached XP level 9. HP: 67/72 MP: 9/9
  5375 | D:6      | Found Ocsa's Jewellery Emporium.
  5400 | D:6      | Reached skill level 5 in Maces & Flails
  5440 | D:6      | Found an opulent altar of Gozag.
  5475 | D:6      | Found an ancient bone altar of Kikubaaqudgha.
  5571 | D:6      | Found a sand-covered staircase.
  5594 | Ossuary  | Entered an ossuary
  5606 | Ossuary  | Reached ** piety under the Shining One
  5652 | Ossuary  | Reached *** piety under the Shining One
  5699 | Ossuary  | Reached skill level 8 in Fighting
  5739 | Ossuary  | Reached **** piety under the Shining One
  6317 | D:7      | Noticed Menkaure
  6324 | D:7      | Killed Menkaure
  6585 | D:7      | Reached XP level 10. HP: 80/82 MP: 10/10
  6664 | D:7      | Reached ***** piety under the Shining One
  6668 | D:7      | Reached skill level 9 in Fighting
  6821 | D:7      | Found a hazy altar of Hepliaklqana.
  7301 | D:8      | Found an iron altar of Okawaru.
  7472 | D:8      | Found a bloodstained altar of Trog.
  7486 | D:8      | Reached skill level 10 in Fighting
  7858 | D:9      | Found a shimmering altar of Xom.
  8063 | D:9      | Found a radiant altar of Vehumet.
  8105 | D:9      | Found Ihowuoc's Jewellery Shop.
  8243 | D:6      | Bought the ring "Ydirad" {AC+4 Slay+3} for 611 gold pieces
  8818 | D:10     | Entered Level 10 of the Dungeon
  8966 | D:10     | Found a staircase to the Lair.
  9002 | D:10     | Noticed a skeletal warrior
  9005 | D:10     | Noticed a skeletal warrior
  9005 | D:10     | Noticed a skeletal warrior
  9006 | D:10     | Noticed a skeletal warrior
  9034 | D:10     | Killed a skeletal warrior
  9035 | D:10     | Reached XP level 11. HP: 79/92 MP: 11/11
  9048 | D:10     | Killed a skeletal warrior
  9049 | D:10     | Reached skill level 11 in Fighting
  9055 | D:10     | Killed a skeletal warrior
  9070 | D:10     | Killed a skeletal warrior
  9245 | D:10     | Noticed a skeletal warrior
  9262 | D:10     | Killed a skeletal warrior
  9587 | D:10     | Found a staircase to the Orcish Mines.
  9798 | D:10     | Noticed a red ugly thing
  9810 | D:10     | Killed a red ugly thing
  9811 | D:10     | Reached skill level 10 in Maces & Flails
 10047 | D:11     | Noticed a manticore
 10057 | D:11     | Killed a manticore
 10058 | D:11     | Reached skill level 12 in Fighting
 10058 | D:11     | Reached XP level 12. HP: 81/102 MP: 12/12
 10363 | D:11     | HP: 3/102 [red ugly thing (9)]
 10363 | D:11     | Mangled by a red ugly thing

Illustrated notes

Levels and vault maps discovered:
D:1:      evilmike_arrival_rings, layout_basic
D:2:      kennysheep_the_goblin_king, layout_basic
D:3:      layout_loops_corners, minmay_misc_feat_columns
D:4:      layout_cave_pools, ashenzari_altar_1, elyvilon_altar_5
D:5:      layout_layer_cave, marbit_many_paths, minitemple,
          minmay_temple_entry_large_hall, gammafunk_ghost_mausoleum,
          led_sif_book, uniq_sigmund
D:6:      layout_cave_pools, overflow_temple_1_default, kennysheep_mini_moat,
          enter_ossuary_1, serial_shops, shop
D:7:      layout_rooms, nzn_hepliaklqana_mist_gate, uniq_menkaure
D:8:      layout_loops_ring, trog_ov_bears_minmay, okawaru_metal_pillars_1_2
D:9:      layout_loops_corners, lemuel_crystal_altar, xom_teletrap_fun,
          serial_shops, shop_coins
D:10:     layout_rooms, due_lair_maze_entry_diamond, hiddenorc2_lemuel,
          hangedman_abyss_or_decor_stabs
D:11:     layout_cave_pools, basic_altar, corexii_leaking_fountain,
          grunt_ministairs_2

Skill      XL: |  1  2  3  4  5  6  7  8  9 10 11 |
---------------+----------------------------------+-----
Shields        | 4 5 6 7 9 |  9.0
Armour         | 4 5 6 9 |  9.1
Fighting       | 4 6 7 8 10 12 | 12.1
Staves         | 3 4 |  4.1
Maces & Flails | 2 4 6 8 10 | 10.2

Action                   |  1- 3 |  4- 6 |  7- 9 | 10-12 || total
-------------------------+-------+-------+-------+-------++-------
Melee: Quarterstaff      |    92 |   267 |    59 |       ||   418
       Whip              |       |       |   136 |       ||   136
       Flail             |       |       |   156 |   455 ||   611
 Abil: Dig               |       |     1 |     5 |     5 ||    11
  Use: Potion            |       |     6 |       |     4 ||    10
       Scroll            |       |       |     9 |     1 ||    10
Armor: Scale mail        |    31 |    60 |    72 |   102 ||   265
Dodge: Dodged            |    24 |    66 |    71 |    89 ||   250
Block: Kite shield       |    42 |   208 |   274 |   329 ||   853
       Reflection        |       |     3 |     7 |     8 ||    18
